 Dungeon Crawl Stone Soup version 0.32-a0-772-g33df2375a9 (webtiles) character file.

Game seed: 15225450830137353204

75686 whodunnit the Marksgoblin (level 15, 0/124 HPs)
             Began as a Coglin Hunter on Mar 19, 2024.
             Was an Initiate of Gozag.
             Slain by a +7 heavy dire flail (14 damage)
             ... on level 2 of the Elven Halls.
             The game lasted 01:11:11 (24805 turns).

whodunnit the Marksgoblin (Coglin Hunter)          Turns: 24805, Time: 01:11:12

Health: 0/124      AC: 24    Str: 12    XL:     15   Next: 51%
Magic:  22/22      EV: 10    Int:  9    God:    Gozag
Gold:   5303       SH:  0    Dex: 24    Spells: 17/24 levels left

rFire   x . .        e - +2 hand cannon (flame) {Jasleen}
rCold   + + .        a - +2 sling (flame) {Suni}
rNeg    . . .        y - +0 ice dragon scales
rPois   +            o - +2 helmet
rElec   .            q - +0 cloak
rCorr   +            f - +2 pair of gloves
SInv    .            h - +2 pair of boots {Stlth+}
Will    ++...        (amulet unavailable)
Stlth   ++           (ring unavailable)
HPRegen 0.40/turn    (ring unavailable)
MPRegen 0.18/turn    b - hydrotuning encabulator {rPois Will+ rCorr Clar RMsl}

%: repel missiles, clarity
@: about to teleport, hasted, very quick
A: off-hand wielding, slow wielding, warmup strikes, no jewellery
a: Renounce Religion, Potion Petition, Call Merchant, Bribe Branch


You were on level 2 of the Elven Halls.
You worshipped Gozag.
Gozag was greatly pleased with you.
You visited 5 branches of the dungeon, and saw 23 of its levels.

You collected 5849 gold pieces.
You spent 475 gold pieces at shops.
You paid 71 gold pieces to Gozag.

Inventory:

Hand Weapons
 a - a +2 sling of flaming (offhand) {Suni}
 d - a +0 sling {Hideko}
 e - a +2 hand cannon of flaming (weapon) {Jasleen}
Missiles
 m - 3 throwing nets
Armour
 f - a +2 pair of gloves (worn)
 h - a +2 pair of boots of stealth (worn)
 o - a +2 helmet (worn)
 q - a +0 cloak (worn)
 y - +0 ice dragon scales (worn)
Gizmo
 b - a hydrotuning encabulator (installed) {rPois Will+ rCorr Clar RMsl}
   (You invented it yourself on level 13 of the Dungeon)

   [hydrotuning encabulator]

   rPois:     It protects you from poison.
   Will+:     It increases your willpower.
   Clar:      It protects you from confusion, rage, mesmerisation and fear.
   RMsl:      It protects you from missiles.
   rCorr:     It protects you from acid and corrosion.
Wands
 c - a wand of digging (3)
 p - a wand of flame (21)
 w - a wand of charming (21)
 C - a wand of acid (8)
 I - a wand of polymorph (3)
 L - a wand of mindburst (17)
 M - a wand of iceblast (5)
Scrolls
 g - 4 scrolls of teleportation
 k - a scroll of revelation
 r - a scroll of immolation
 s - 3 scrolls of identify
 u - a scroll of fear
 x - 2 scrolls of vulnerability
 B - 2 scrolls of amnesia
 D - 4 scrolls of fog
 G - a scroll of blinking
 H - a scroll of poison
 K - a scroll of noise
Potions
 i - 5 potions of curing
 j - 2 potions of attraction
 l - 4 potions of might
 t - 2 potions of enlightenment
 v - a potion of heal wounds
 z - 2 potions of brilliance
 A - 2 potions of mutation
Miscellaneous
 E - a condenser vane (inert)
 F - a phial of floods


   Skills:
 + Level 13.5 Fighting
 + Level 18.2 Ranged Weapons
 + Level 8.5 Armour
 + Level 3.8 Dodging
 + Level 2.6 Stealth
 - Level 5.0 Spellcasting
 - Level 5.0 Translocations
 * Level 2.5 Air Magic
 + Level 0.2 Evocations


You had 17 spell levels left.
You knew the following spells:

 Your Spells              Type           Power      Damage    Failure   Level
a - Apportation           Tloc           22%        N/A       17%         1
b - Teleport Other        Tloc           11%        N/A       45%         3
c - Swiftness             Air            6%         N/A       80%         3

Your spell library contained the following spells:

 Spells                   Type           Power      Damage    Failure   Level
 Gell's Gravitas          Tloc           11%        N/A       45%         3
 Shock                    Conj/Air       16%        1d4       61%         1
 Freeze                   Ice            8%         1d3       78%         1
 Necrotise                Necr           8%         1d4       78%         1
 Volatile Blastmotes      Fire/Tloc      12%        2d11      80%         3
 Manifold Assault         Tloc           11%        N/A       86%         4
 Call Imp                 Summ           4%         N/A       89%         2
 Jinxbite                 Hex            4%         N/A       89%         2
 Sublimation of Blood     Necr           2%         N/A       89%         2
 Frozen Ramparts          Ice            4%         1d1       98%         3
 Fugue of the Fallen      Necr           2%         N/A       98%         3
 Hailstorm                Conj/Ice       2%         3d5       98%         3
 Ozocubu's Armour         Ice            2%         N/A       98%         3
 Stone Arrow              Conj/Erth      4%         3d7       98%         3
 Vampiric Draining        Necr           2%         2d6       98%         3
 Airstrike                Air            3%         2d(1-17)  99%         4
 Iskenderun's Mystic Bla  Conj/Tloc      6%         2d4       99%         4
 Animate Armour           Summ/Erth      4%         N/A       100%        4
 Fulminant Prism          Conj/Alch      1%         3d5       100%        4
 Martyr's Knell           Necr/Summ      2%         N/A       100%        4
 Alistair's Intoxication  Alch           1%         N/A       100%        5
 Borgnjor's Vile Clutch   Necr/Erth      1%         N/A       100%        5
 Curse of Agony           Necr           2%         N/A       100%        5
 Metabolic Englaciation   Hex/Ice        1%         N/A       100%        5
 Summon Forest            Summ/Tloc      3%         N/A       100%        5
 Summon Mana Viper        Hex/Summ       2%         N/A       100%        5
 Death Channel            Necr           1%         N/A       100%        6
 Dispersal                Tloc           5%         N/A       100%        6
 Eringya's Noxious Bog    Alch           1%         4d6       100%        6
 Summon Hydra             Summ           1%         N/A       100%        7
 Discord                  Hex            1%         N/A       100%        8
 Lehudib's Crystal Spear  Conj/Erth      1%         10d2      100%        8
 Animate Dead             Necr           Unusable   N/A       N/A         4

Dungeon Overview and Level Annotations

Branches:
Dungeon (15/15)            Temple (1/1) D:5            Lair (3/5) D:11
    Orc (2/2) D:10            Elf (2/3) Orc:2
  Swamp: Lair:2-3    Shoals: Lair:2-3     Snake: Lair:2-3    Spider: Lair:2-3
 Vaults: D:13-14     Depths: D:15

Altars:
Ashenzari
Cheibriados
Dithmenos
Elyvilon
Fedhas
Gozag
Hepliaklqana
Kikubaaqudgha
Makhleb
Nemelex Xobeh
Okawaru
Qazlal
Ru
Sif Muna
Trog
Uskayaw
Vehumet
Wu Jian
Xom
Yredelemnul
Zin
The Shining One
Beogh

Shops:
D:6 !   D:10 **   D:14 [   Orc:2 [:[*   Elf:1 (

Annotations:
D:2 1 runed translucent door, Crazy Yiuf
D:11 2 transporters, ongoing's ghost, journeyman MDFi
Lair:2 3 runed translucent doors, mojasp's ghost, journeyman DgHu
Orc:1 3 runed translucent doors, Ajdolov's ghost, journeyman AtGl


Innate Abilities, Weirdness & Mutations

You can wield a second weapon in your off-hand.
It takes a long time for you to wield or remove held weapons.
Your first few attacks do less damage.
You cannot equip rings or amulets.


Message History

The +3 hand axe of venom is engulfed in blazing flames.
The +7 heavy dire flail barely misses you.
The +7 heavy dire flail attacks as it pursues you!
The +7 heavy dire flail hits you!!
* * * LOW HITPOINT WARNING * * *
Unknown command.
Blink to where?
Press: ? - help, Dir - move target A +2 heavy battleaxe, a +0 eveningstar of electrocution, a deep elf knight and a +6 dire flail of protection come into view.
Found a scroll of enchant weapon and a blade talisman.
As you read the scroll of blinking, it crumbles to dust.
A deep elf knight comes into view. It is wielding a +0 long sword.
As you read the scroll of teleportation, it crumbles to dust.
You feel strangely unstable.
The +3 hand axe of venom hits you but does no damage.
You are poisoned.
A +2 heavy flail comes into view.
You feel sick.
You feel sick.
The +3 hand axe of venom attacks as it pursues you!
The +3 hand axe of venom hits you but does no damage.
You are lethally poisoned!
The deep elf knight gestures wildly while chanting.
The deep elf knight seems to speed up.
* * * LOW HITPOINT WARNING * * *
You feel sick.
The +2 heavy flail attacks as it pursues you!
The +2 heavy flail hits you but does no damage.
Unknown command.
* * * LOW HITPOINT WARNING * * *
You feel very sick. The +3 hand axe of venom hits you.
* * * LOW HITPOINT WARNING * * *
The +7 heavy dire flail hits you.
* * * LOW HITPOINT WARNING * * *
The +3 hand axe of venom hits you but does no damage.
You are more poisoned.
You feel better. The +7 heavy dire flail hits you!
You die...
Your body crumbles into a pile of gold.

......#
................ .
.....#...
#....#..........
....##.#. ##...#
#........... ...##
# # #..(.
#...(...... ).## .
#..# ##........##
.## ##.e##
##.........# .#
#....###...........
[#
#(((..#............
.#
##@..(.............
.#
#.....##...##...##
##
###..####.####.###
#### ## ###


You could see a deep elf knight (fast) and 5 dancing weapons.

Vanquished Creatures
  A storm dragon (D:14)
  A deep elf sorcerer (Elf:2)
  A deep elf annihilator (Elf:1)
  A dire elephant (Lair:1)
  A fire dragon (D:14)
  A rakshasa (D:15)
  2 hydras
  Erolcha (D:11)
  A boulder beetle (D:11)
  5 centaur warriors
  5 two-headed ogres
  4 death yaks (Lair:2)
  7 dancing weapons
  An occultist (D:14)
  7 deep elf knights
  A skyshark (Lair:2)
  2 cherubim (Elf:2)
  4 arcanists (D:12)
  Pikel (D:7)
  A flayed ghost (D:14)
  2 thermic dynamos (Elf:1)
  2 orc knights
  12 deep elf pyromancers
  6 deep elf zephyrmancers
  7 cyclopes
  5 ugly things
  8 centaur zombies (D:12)
  3 manticores
  6 kobold blastminers (Orc:2)
  An ice statue (D:12)
  6 cane toads
  4 gargoyles
  An unseen horror (D:11)
  A rime drake (Lair:2)
  A kobold demonologist (D:14)
  7 komodo dragons
  A tengu conjurer (D:11)
  4 ice devils (D:12)
  2 hornets
  3 trolls
  3 blink frogs (Lair:1)
  2 meliai zombies (D:12)
  A slime creature (D:11)
  3 air elementals
  3 shadows
  2 water elementals
  3 wyverns
  6 vampires
  2 wraiths
  2 basilisks
  3 wargs
  A fire elemental (Elf:1)
  10 humans (D:13)
  14 yaks
  9 vampire mosquitoes
  2 steam dragons
  An acid dragon (D:11)
  4 water moccasins
  39 orc warriors
  A black bear (D:7)
  2 ice beasts (D:6)
  4 laughing skulls
  A sky beast (D:7)
  16 centaurs
  5 ogres
  8 wolves
  A lemure (D:7)
  A phantom (D:5)
  2 kobold brigands
  A brain worm (shapeshifter) (D:11)
  11 bullfrogs
  3 scorpions
  2 earth elementals
  8 wights
  11 killer bees
  3 howler monkeys
  3 bombardier beetles
  2 hounds
  3 jellies
  11 orc priests
  A gnoll bouda (D:7)
  A sleepcap (D:4)
  A boggart zombie (D:12)
  8 iguanas
  21 orc wizards
  17 gnolls
  4 adders
  3 shadow imps
  A howler monkey simulacrum (D:11)
  3 dart slugs
  4 ribbon worms
  65 orcs
  A ball python (D:3)
  10 bats
  2 endoplasms
  3 giant cockroaches
  8 goblins
  6 hobgoblins
  12 kobolds
  A quokka (D:2)
  6 frilled lizards
  4 rats
521 creatures vanquished.

Vanquished Creatures (others)
  A shadow (D:11)
  A vampire mosquito (D:13)
2 creatures vanquished.

Grand Total: 523 creatures vanquished

Notes
Turn   | Place    | Note
-------+----------+-------------------------------------------
     0 | D:1      | whodunnit the Coglin Hunter began the quest for the Orb.
     0 | D:1      | Reached XP level 1. HP: 16/16 MP: 1/1
    13 | D:1      | Found a faded altar of an unknown god.
   103 | D:1      | Reached XP level 2. HP: 22/22 MP: 2/2
   127 | D:1      | Reached skill level 4 in Ranged Weapons
   558 | D:1      | Reached XP level 3. HP: 27/27 MP: 3/3
   887 | D:2      | Found a runed translucent door.
   888 | D:2      | Noticed Crazy Yiuf
  1559 | D:3      | Reached XP level 4. HP: 33/33 MP: 4/4
  2679 | D:4      | Reached skill level 5 in Ranged Weapons
  2679 | D:4      | Reached skill level 1 in Armour
  2679 | D:4      | Reached XP level 5. HP: 39/39 MP: 5/5
  3135 | D:4      | Reached skill level 6 in Ranged Weapons
  3135 | D:4      | Reached XP level 6. HP: 46/46 MP: 6/6
  3292 | D:5      | Entered Level 5 of the Dungeon
  3293 | D:5      | Identified a scroll of acquirement
  3293 | D:5      | Acquired a +0 hand cannon of flaming
  3336 | D:5      | Reached skill level 1 in Stealth
  3408 | D:5      | Reached XP level 7. HP: 50/52 MP: 7/7
  3546 | D:5      | Found a staircase to the Ecumenical Temple.
  3567 | Temple   | Entered the Ecumenical Temple
  3603 | Temple   | Became a worshipper of Gozag Ym Sagoz the Greedy
  3685 | D:5      | Reached skill level 7 in Ranged Weapons
  4442 | D:6      | Reached skill level 8 in Ranged Weapons
  4442 | D:6      | Reached XP level 8. HP: 60/60 MP: 8/8
  4520 | D:6      | Reached skill level 9 in Ranged Weapons
  4787 | D:6      | Found Unusien's Distillery.
  4795 | D:6      | Reached XP level 9. HP: 66/66 MP: 9/9
  4797 | D:6      | Bought a potion of degeneration for 11 gold pieces
  5079 | D:7      | Noticed Pikel
  5086 | D:7      | Killed Pikel
  5087 | D:7      | Reached skill level 5 in Fighting
  5087 | D:7      | Reached skill level 10 in Ranged Weapons
  5367 | D:7      | Reached skill level 11 in Ranged Weapons
  5675 | D:8      | Noticed a two-headed ogre
  5936 | D:8      | Killed a two-headed ogre
  5937 | D:8      | Reached XP level 10. HP: 56/76 MP: 10/10
  6201 | D:8      | Reached skill level 12 in Ranged Weapons
  6320 | D:8      | Noticed a two-headed ogre
  6324 | D:8      | Killed a two-headed ogre
  8364 | D:10     | Entered Level 10 of the Dungeon
  8425 | D:10     | Reached XP level 11. HP: 67/84 MP: 11/11
  8589 | D:10     | Reached skill level 13 in Ranged Weapons
  8850 | D:10     | Found a staircase to the Orcish Mines.
  8858 | D:10     | Found a roughly hewn altar of Beogh.
  8930 | D:10     | Found a bloodstained altar of Trog.
  8999 | D:10     | Found Lumom's Specific Store.
  9001 | D:10     | Found Noeledeol's General Store.
  9508 | D:11     | Noticed Erolcha
  9650 | D:11     | Noticed a cyclops
  9658 | D:11     | Killed a cyclops
  9659 | D:11     | Reached skill level 5 in Armour
  9741 | D:11     | Noticed a cyclops
  9754 | D:11     | Killed a cyclops
  9961 | D:11     | Noticed a two-headed ogre
  9967 | D:11     | Killed a two-headed ogre
  9968 | D:11     | Reached skill level 14 in Ranged Weapons
 10005 | D:11     | Noticed a boulder beetle
 10011 | D:11     | Noticed a manticore
 10016 | D:11     | Killed a boulder beetle
 10187 | D:11     | Killed a manticore
 10292 | D:11     | Noticed a purple ugly thing
 10298 | D:11     | Killed a purple ugly thing
 10342 | D:11     | Noticed a two-headed ogre
 10346 | D:11     | Killed a two-headed ogre
 10347 | D:11     | Reached XP level 12. HP: 73/94 MP: 12/12
 10470 | D:11     | Found a staircase to the Lair.
 10539 | D:11     | Identified the ring of Toacaopu {rPois rF+ Will+ Str-5
                  | Dex+4}
 10617 | D:11     | Found the +6 shillelagh "Devastator" {shatter}
 10658 | D:11     | Noticed ongoing's ghost (journeyman MDFi)
 10658 | D:11     | Noticed a tengu warrior
 10661 | D:11     | Noticed a two-headed ogre
 10681 | D:11     | Found a transporter.
 10713 | D:11     | Found a transporter.
 10717 | D:11     | Found a bloodstained altar of Trog.
 10747 | D:11     | Killed Erolcha
 10748 | D:11     | Reached skill level 15 in Ranged Weapons
 11028 | D:11     | Noticed a two-headed ogre
 11033 | D:11     | Killed a two-headed ogre
 11483 | Orc:1    | Entered Level 1 of the Orcish Mines
 12110 | Orc:2    | Entered Level 2 of the Orcish Mines
 12121 | Orc:2    | Noticed a centaur warrior
 12972 | Orc:1    | Reached skill level 10 in Fighting
 13255 | Lair:1   | Entered Level 1 of the Lair of Beasts
 13328 | Lair:1   | Noticed a dire elephant
 13348 | Lair:1   | Killed a dire elephant
 13349 | Lair:1   | Reached XP level 13. HP: 67/103 MP: 13/13
 13588 | Lair:1   | Reached skill level 16 in Ranged Weapons
 14572 | Lair:1   | Learned a level 1 spell: Apportation
 14576 | Lair:1   | Learned a level 3 spell: Teleport Other
 14725 | Lair:2   | Reached skill level 1 in Translocations
 14974 | Lair:2   | Noticed mojasp's ghost (journeyman DgHu)
 14975 | Lair:2   | Noticed a minotaur
 14994 | Lair:2   | Found a runed translucent gate.
 14995 | Lair:2   | Found a runed translucent gate.
 15009 | Lair:2   | Reached skill level 1 in Spellcasting
 15283 | Lair:2   | Found a runed translucent gate.
 17071 | D:12     | Identified the ring of Gin and Tonic {rPois Dex+6 Stlth+}
 17402 | D:12     | Identified the +0 spear of Oozing Pus {holy, rPois rF++
                  | Stlth+}
 17744 | D:13     | Reached XP level 14. HP: 113/113 MP: 18/18
 17753 | D:13     | Acquired a hydrotuning encabulator {rPois Will+ rCorr Clar
                  | RMsl}
 17963 | D:13     | You fall into a shaft and drop 2 floors!
 17963 | D:15     | Entered Level 15 of the Dungeon
 17977 | D:15     | Reached skill level 17 in Ranged Weapons
 18094 | D:14     | HP: 5/114 [white ugly thing (10)]
 18501 | D:14     | Found Zaqo Kyh's Armour Emporium.
 18508 | D:14     | Bought a +2 pair of gloves for 280 gold pieces
 19543 | D:14     | Reached skill level 5 in Translocations
 19635 | D:14     | Found the +5 glaive of the Guard {elec, spectral}
 19642 | D:14     | Noticed a storm dragon
 20008 | D:14     | Killed a storm dragon
 20959 | Orc:2    | Found a staircase to the Elven Halls.
 21246 | Orc:2    | Found Qizissa's Antique Armour Boutique.
 21246 | Orc:2    | Found Ikudo's Book Shoppe.
 21250 | Orc:2    | Found Qaecwaj's Antique Armour Emporium.
 21252 | Orc:2    | Found Suafibij's General Store.
 21256 | Orc:2    | Bought a scroll of poison for 64 gold pieces
 21256 | Orc:2    | Bought a scroll of enchant armour for 120 gold pieces
 21805 | Orc:1    | Found a runed translucent gate.
 21805 | Orc:1    | Found a runed translucent gate.
 21805 | Orc:1    | Found a runed translucent gate.
 21806 | Orc:1    | Found an iron altar of Okawaru.
 21806 | Orc:1    | Noticed Ajdolov's ghost (journeyman AtGl)
 22039 | Elf:1    | Entered Level 1 of the Elven Halls
 22081 | Elf:1    | Paralysed by an air elemental for 1 turns
 22348 | Elf:1    | Reached skill level 5 in Spellcasting
 22540 | Elf:1    | Reached XP level 15. HP: 95/122 MP: 22/22
 23291 | Elf:1    | Learned a level 3 spell: Swiftness
 23323 | Elf:1    | Found Ithiteth's Antique Weapon Shop.
 23418 | Elf:1    | Reached skill level 18 in Ranged Weapons
 23418 | Elf:1    | Paralysed by an air elemental for 1 turns
 23450 | Elf:1    | Reached skill level 1 in Air Magic
 23753 | Elf:2    | Noticed a deep elf sorcerer
 23776 | Elf:2    | Paralysed by an air elemental for 1 turns
 23788 | Elf:2    | Killed a deep elf sorcerer
 24416 | Elf:2    | Noticed an Ice Fiend
 24716 | Elf:2    | Got the Tempter's Volume of Forbidden Fruit
 24785 | Elf:2    | HP: 6/124 [+7 heavy dire flail (39)]
 24804 | Elf:2    | HP: 6/124 [+3 hand axe of venom (3)]
 24805 | Elf:2    | Slain by a +7 heavy dire flail

Illustrated notes

Levels and vault maps discovered:
D:1:      saegor_arrival_under_anarchy, layout_loops_ring,
          dreamdust_ecumenical_altar_statues, minmay_tripent
D:2:      layout_loops_cross, kennysheep_flooded_box, uniq_crazy_yiuf_cottage
D:3:      layout_basic
D:4:      wad_crossroads, layout_gridville
D:5:      dreamdust_elfheim, layout_gridville, minmay_temple_entry_statues,
          minmay_crossroads
D:6:      layout_loops_ring, serial_shops, shop, minmay_statues_item
D:7:      layout_cave_pools, minmay_misc_feat_doors, uniq_pikel
D:8:      layout_loops_ring
D:9:      layout_layer_cave
D:10:     layout_loops_ring, trog_butcher_becter, minmay_orc_entry_temple_small,
          serial_rivers, chequers_serial_rivers_micro_d,
          chequers_serial_rivers_micro_a, chequers_serial_rivers_micro_a,
          chequers_serial_rivers_small_3, chequers_serial_rivers_large_b,
          chequers_serial_rivers_small_3, nicolae_specific_store,
          corner_web_ring
D:11:     minmay_the_grid_net [minmay_the_grid_medium_cups, minmay_the_grid_x,
          minmay_the_grid_broken_lines, minmay_the_grid_spikes,
          minmay_the_grid_armoury, minmay_the_grid_prize_shrinking_boxes],
          layout_loops_corners, erik_lair_orcish_takeover,
          gammafunk_ghost_wrathful_warriors, uniq_erolcha
D:12:     cheibrodos_frozen_isle, layout_basic, serial_undead, serial_undead_d,
          serial_undead_b, serial_undead_b, serial_undead_d
D:13:     layout_rooms, grunt_vaults_entry_tiered, uniq_azrael, uniq_lodul
D:14:     minmay_guarded_unrand_guard, layout_basic, serial_shops,
          nicolae_shop_tiny_real_fake_doors, minivault_25_ag
D:15:     grunt_enter_depths_magical_seal, layout_loops_ring, serial_shops,
          nicolae_square_shop, palyth_stone_intersect
Temple:   mainiacjoe_temple_hex_bubbles
Lair:1:   layout_long_grid, nicolae_lair_grazing_beasts
          [nicolae_sub_lair_graze_edge, nicolae_sub_lair_graze_edge,
          nicolae_sub_lair_graze_edge, nicolae_sub_lair_graze_edge]
Lair:2:   layout_roguey, maelrawn_ghost_gauntlet_escape
Lair:3:   layout_regular_city, minmay_swamp_entry_worms,
          minmay_snake_entry_guardpost_large, lemuel_fruit_tree,
          grunt_megastairs_1
Orc:1:    layout_caves, gammafunk_ghost_fury_of_okawaru
Orc:2:    st_orc_rangers, layout_caves
Elf:1:    layout_loops_cross, serial_shops, nicolae_shop_back_alley_shop,
          nicolae_elf_crossing_hall
Elf:2:    elven_hall_of_blades_hangedman_alternative
          [nicolae_blade_entry_area_security], layout_loops_corners, pf_eden

Skill      XL: |  1  2  3  4  5  6  7  8  9 10 11 12 13 14 15 |
---------------+----------------------------------------------+-----
Ranged Weapons | 4 5 6 8 9 11 12 14 15 16 17 18 | 18.2
Armour         | 1 2 3 4 5 6 7 8 |  8.5
Dodging        | 2 3 |  3.8
Stealth        | 1 2 |  2.6
Fighting       | 3 4 6 7 8 10 11 12 13 | 13.5
Translocations | 3 5 |  5.0
Spellcasting   | 3 5 |  5.0
Air Magic      | 2 |  2.5
Evocations     | |  0.2

Action                     |  1- 3 |  4- 6 |  7- 9 | 10-12 | 13-15 || total
---------------------------+-------+-------+-------+-------+-------++-------
  Melee: Sling             |       |       |       |       |     4 ||     4
         Hand cannon       |       |       |       |       |     4 ||     4
   Fire: Sling             |   148 |   156 |   156 |   507 |   761 ||  1728
         Hand cannon       |       |    20 |   156 |   507 |   761 ||  1444
Ability: Invent Gizmo      |       |       |       |       |     1 ||     1
  Evoke: Phial of floods   |       |       |       |       |     1 ||     1
         Condenser vane    |       |       |       |       |     1 ||     1
    Use: Scroll            |       |     8 |     7 |     3 |    17 ||    35
         Potion            |       |       |       |       |     8 ||     8
 Armour: Leather armour    |     5 |    18 |    25 |       |       ||    48
         Ice dragon scales |       |       |    16 |   366 |   460 ||   842
  Dodge: Dodged            |     8 |    14 |    17 |   162 |   210 ||   411
         Repelled          |       |       |       |       |    91 ||    91

Table legend: (Time is in decaauts)
 A = Elapsed time spent in this place.
 B = Non-inter-level travel time spent in this place.
 C = Inter-level travel time spent in this place.
 D = Time resting spent in this place.
 E = Time spent auto-exploring this place.
 F = Levels seen in this place.
 G = Mean time per level.
                   A        B        C        D        E       F      G
               +--------+--------+--------+--------+--------+-----+--------+
         Total |  25194 |  23651 |   1543 |   2158 |  17450 |  23 | 1095.4 |
       Dungeon |  16541 |  15661 |    880 |    695 |  12370 |  15 | 1102.7 |
        Temple |     67 |     14 |     53 |      0 |      0 |   1 |   67.0 |
          Lair |   2955 |   2748 |    207 |    664 |   1681 |   3 |  985.0 |
  Orcish Mines |   2842 |   2518 |    324 |    630 |   1501 |   2 | 1421.0 |
   Elven Halls |   2787 |   2709 |     78 |    169 |   1897 |   2 | 1393.5 |
               +--------+--------+--------+--------+--------+-----+--------+

Top non-repeatable levels by time:
    D:14: 2368 daAuts
    D:11: 2355 daAuts
   Elf:1: 1969 daAuts
     D:9: 1759 daAuts
    D:10: 1724 daAuts
  Lair:2: 1703 daAuts
   Orc:1: 1660 daAuts
    D:12: 1278 daAuts
  Lair:1: 1227 daAuts
   Orc:2: 1182 daAuts
     D:5: 966 daAuts
     D:3: 961 daAuts
     D:8: 936 daAuts
     D:4: 868 daAuts
   Elf:2: 818 daAuts
